AoeStats
← Foami

Black Forest

509495095Analyzed
4v4 RM · 4d ago on Sep 27, 2026· 63m 41s· 8 players
Game mode
Random Map
Map size
Large (8 player)
Population
200
Speed
Normal
Resources
Standard
Victory
Conquest
Starting age
Dark Age
Ending age
Imperial Age
RankedLock teamsTeams togetherTeam positionsShared explorationLock speedFull tech treeHidden civsTurbo modeCheats
Victory
Defeat
🇨🇳 Franks · China
1334
+11
🇮🇳 Mongols · India
1313
+12
🇺🇸 Lithuanians · United States
1245
+15
🇨🇱 Saracens · Chile
1224
+16
🇵🇭 Spanish · Philippines
1283
-16
🇨🇦 Saxons · Canada
1247
-14
🇳🇱 Danes · Netherlands
1232
-14
🇳🇿 Chinese · New Zealand
1129
-10
OLD_SAINT_DICK
0:55 Loom
13:00 Feudal Age
17:20 Double-Bit Axe
19:38 Castle Age
18:14 Horse Collar
20:20 Heavy Plow
20:36 Bow Saw
23:49 Fervor
24:29 Wheelbarrow
26:50 Hand Cart
28:39 Gold Mining
28:49 Town Watch
35:43 Imperial Age
34:34 Sanctity
34:58 Caravan
35:49 Scale Barding Armor
35:55 Forging
35:46 Stone Mining
36:41 Ballistics
37:31 Chemistry
36:58 Conscription
36:59 Chain Barding Armor
37:35 Block Printing
37:48 Illumination
37:33 Redemption
38:14 Bloodlines
38:05 Husbandry
37:53 Treadmill Crane
38:23 Masonry
37:55 Elite Leitis
39:49 Plate Barding Armor
39:50 Iron Casting
44:16 Two-Man Saw
44:02 Crop Rotation
43:51 Fletching
44:02 Padded Archer Armor
44:15 Masonry
44:01 Murder Holes
46:47 Leather Archer Armor
48:02 Thumb Ring
48:28 Ring Archer Armor
47:53 Bodkin Arrow
51:21 Stone Shaft Mining
uu
3:25 Loom
11:56 Feudal Age
15:54 Castle Age
14:23 Double-Bit Axe
17:02 Wheelbarrow
16:50 Bow Saw
22:02 Hand Cart
22:09 Stone Mining
23:47 Gold Mining
25:24 Gold Shaft Mining
26:27 Forging
26:22 Scale Barding Armor
31:40 Imperial Age
29:29 Caravan
30:07 Iron Casting
29:52 Chain Barding Armor
30:56 Loom
30:57 Town Watch
31:01 Treadmill Crane
31:41 Ballistics
31:33 Masonry
32:58 Conscription
32:00 Cavalier
32:43 Husbandry
34:04 Blast Furnace
33:39 Plate Barding Armor
35:05 Chemistry
33:54 Paladin
35:47 Chivalry
36:05 Elite Throwing Axeman
36:47 Squires
36:33 Arson
36:52 Scale Mail Armor
37:09 Town Patrol
38:15 Architecture
38:01 Chain Mail Armor
39:14 Plate Mail Armor
38:51 Siege Engineers
48:10 Coinage
50:58 Banking
VedtheAssasin
1:56 Loom
11:32 Feudal Age
16:17 Castle Age
15:05 Double-Bit Axe
18:23 Bow Saw
17:56 Horse Collar
26:07 Wheelbarrow
25:21 Town Watch
28:41 Caravan
31:43 Imperial Age
29:30 Hand Cart
29:08 Gold Mining
30:25 Fletching
31:16 Gold Shaft Mining
30:31 Stone Mining
31:05 Masonry
32:06 Stone Shaft Mining
31:34 Heavy Plow
32:00 Bloodlines
32:38 Fortified Wall
32:52 Padded Archer Armor
33:20 Elite Mangudai
34:29 Conscription
35:27 Hoardings
34:58 Bodkin Arrow
35:27 Ballistics
36:15 Bracer
37:34 Leather Archer Armor
38:22 Chemistry
40:46 Parthian Tactics
40:27 Thumb Ring
42:40 Capped Ram
44:23 Elite Steppe Lancer
45:07 Husbandry
45:14 Scale Barding Armor
45:20 Forging
45:05 Siege Ram
47:47 Drill
50:36 Chain Barding Armor
50:52 Iron Casting
53:52 Blast Furnace
53:00 Siege Engineers
53:54 Onager
55:41 Siege Onager
59:30 Town Patrol
62:44 Sappers
MoTa
0:57 Loom
10:28 Feudal Age
17:08 Castle Age
14:59 Double-Bit Axe
25:31 Horse Collar
26:02 Fletching
27:10 Man-at-Arms
27:43 Crossbowman
28:43 Thumb Ring
28:41 Padded Archer Armor
28:43 Gold Mining
29:39 Husbandry
33:43 Pikeman
34:24 Squires
34:48 Scale Mail Armor
39:30 Imperial Age
38:50 Chain Mail Armor
40:15 Heavy Camel Rider
41:41 Heavy Camel Rider
42:54 Bow Saw
Medina90
0:52 Loom
12:06 Feudal Age
15:44 Castle Age
14:34 Double-Bit Axe
25:44 Scale Mail Armor
25:54 Forging
26:42 Chain Mail Armor
26:37 Forging
29:02 Wheelbarrow
29:36 Horse Collar
30:47 Heavy Plow
31:37 Bow Saw
32:25 Hand Cart
35:37 Imperial Age
33:45 Gold Mining
34:35 Town Watch
36:45 Gold Shaft Mining
35:47 Onager
38:30 Plate Mail Armor
38:10 Forging
39:29 Pikeman
40:09 Squires
39:55 Arson
40:23 Halberdier
44:11 Forging
45:44 Fletching
46:36 Iron Casting
46:24 Conscription
47:36 Caravan
50:03 Blast Furnace
48:25 Elite Jomsviking
51:05 Siege Onager
Fairytale Fox
1:15 Loom
18:01 Feudal Age
24:56 Castle Age
23:27 Double-Bit Axe
26:19 Wheelbarrow
25:29 Town Watch
26:03 Bow Saw
28:52 Horse Collar
29:53 Gold Mining
36:56 Imperial Age
35:01 Scale Mail Armor
35:12 Forging
36:40 Chain Mail Armor
35:51 Man-at-Arms
36:16 Gambesons
36:57 Squires
37:34 Iron Casting
36:43 Long Swordsman
37:47 Two-Handed Swordsman
41:33 Elite Varangian Guard
D Old Man
11:48 Feudal Age
13:13 Loom
15:52 Castle Age
13:56 Double-Bit Axe
13:52 Horse Collar
22:16 Wheelbarrow
23:18 Bow Saw
26:06 Heavy Plow
27:43 Hand Cart
30:31 Imperial Age
28:30 Scale Barding Armor
29:38 Chain Barding Armor
29:28 Forging
29:32 Bloodlines
29:22 Husbandry
30:01 Town Watch
31:34 Iron Casting
30:37 Cavalier
31:54 Plate Barding Armor
32:22 Chemistry
31:33 Masonry
31:32 Gold Mining
31:32 Stone Mining
32:24 Caravan
33:48 Blast Furnace
33:17 Paladin
34:56 Stone Shaft Mining
35:19 Fletching
35:54 Ballistics
36:05 Architecture
35:31 Murder Holes
35:33 Onager
37:31 Bodkin Arrow
41:24 Coinage
41:01 Light Cavalry
45:37 Hussar
47:56 Bracer
48:11 Murder Holes
Foami
0:30 Loom
11:21 Feudal Age
16:00 Castle Age
14:13 Double-Bit Axe
17:32 Horse Collar
21:06 Bow Saw
23:05 Heavy Plow
26:57 Heavy Plow
27:45 Wheelbarrow
30:26 Imperial Age
28:58 Gold Mining
28:58 Stone Mining
29:35 Squires
29:20 Arson
29:50 Forging
29:40 Scale Mail Armor
31:43 Hand Cart
32:16 Iron Casting
31:57 Chain Mail Armor
32:34 Ballistics
33:15 Chemistry
33:11 Gold Shaft Mining
33:11 Stone Shaft Mining
32:21 Elite Fire Lancer
34:20 Two-Man Saw
34:15 Caravan
35:54 Elite Chu Ko Nu
40:25 Blast Furnace
39:56 Plate Mail Armor
39:11 Pikeman
40:38 Halberdier
41:29 Murder Holes
41:48 Fletching
41:59 Padded Archer Armor
44:48 Leather Archer Armor
44:28 Bodkin Arrow
47:08 Bracer
47:38 Ring Archer Armor
50:31 Elite Skirmisher
51:16 Thumb Ring
Connection lost

Rejoining the realm…

Still unreachable

The connection could not be restored.

Session expired

The server has moved on; the page needs a fresh start.